 Dungeon Crawl Stone Soup version 0.26.1-11-gd32895ea62 (webtiles) character file.

Game seed: 17893778816005835517

6338 Saba the Fighter (level 10, -5/65 HPs)
             Began as a Gargoyle Hunter on July 5, 2021.
             Was an Elder of Okawaru.
             Slain by a komodo dragon (21 damage)
             ... on level 1 of the Lair of Beasts.
             The game lasted 00:14:31 (10775 turns).

Saba the Fighter (Gargoyle Hunter)                 Turns: 10775, Time: 00:14:31

Health: -5/65      AC: 21    Str: 20    XL:     10   Next: 96%
Magic:  10/10      EV: 12    Int: 11    God:    Okawaru [****..]
Gold:   372        SH:  0    Dex: 10    Spells: 9/9 levels left

rFire    . . .     SeeInvis .   x - +6 trident of Xoekawun {vorpal, +Inv rN+}
rCold    . . .     Faith    +   (no shield)
rNeg     + + .     Spirit   .   f - +0 scale mail
rPois    ∞         Reflect  .   m - +1 helmet
rElec    +         Harm     .   q - +1 cloak
rCorr    .         Rampage  .   t - +0 pair of gloves
Will     +....                  (no boots)
Stlth    ..........             k - amulet of faith
HPRegen  0.20/turn              n - ring of willpower
MPRegen  0.12/turn              (no ring)

@: no status effects
A: negative energy resistance 1, electricity resistance, unbreathing,
petrification resistance, miasma immunity, AC +7
a: Renounce Religion, Evoke Invisibility, Heroism


You were on level 1 of the Lair of Beasts.
You worshipped Okawaru.
Okawaru was greatly pleased with you.
You visited 3 branches of the dungeon, and saw 10 of its levels.

You collected 584 gold pieces.
You spent 212 gold pieces at shops.

Inventory:

Hand Weapons
 a - a +1 hand crossbow
 x - the +6 trident of Xoekawun (weapon) {vorpal, +Inv rN+}
   (You bought it in a shop on level 4 of the Dungeon)

   It inflicts extra damage upon your enemies.
   It protects you from negative energy.
   It lets you turn invisible.
Missiles
 d - 71 bolts
Armour
 f - a +0 scale mail (worn)
 m - a +1 helmet (worn)
 q - a +1 cloak (worn)
 t - a +0 pair of gloves (worn)
Jewellery
 k - an amulet of faith (around neck)
 n - a ring of willpower (left hand)
 v - an uncursed ring of flight
Wands
 G - a wand of iceblast (4)
Scrolls
 b - 2 scrolls of teleportation {unknown}
 c - 5 scrolls of amnesia {unknown}
 e - 14 scrolls of identify
 i - 3 scrolls of magic mapping {unknown}
 p - 2 scrolls of enchant weapon {unknown}
 s - a scroll of fear {unknown}
 u - 2 scrolls of remove curse
 w - a scroll of random uselessness {unknown}
 y - a scroll of enchant armour {unknown}
 A - 3 scrolls of fog {unknown}
 F - a scroll of blinking {unknown}
 I - a scroll of torment {unknown}
Potions
 g - 2 potions of attraction
 h - 6 potions of curing
 j - a potion of mutation {unknown}
 l - 2 potions of brilliance {unknown}
 o - a potion of cancellation {unknown}
 r - 2 potions of ambrosia {unknown}
 z - a potion of experience {unknown}
 B - a potion of lignification {unknown}
 C - a potion of resistance {unknown}
 D - a potion of heal wounds {unknown}
 E - a potion of might {unknown}
 H - a potion of flight {unknown}


   Skills:
 + Level 8.6 Fighting
 + Level 5.5 Polearms
 + Level 8.5 Crossbows
 + Level 8.1 Armour
 + Level 6.4 Dodging
 - Level 1.1 Stealth


You had 9 spell levels left.
You didn't know any spells.
Your spell library contained the following spells:

 Spells                   Type           Power        Failure   Level
 Corona                   Hex            0%           65%         1
 Sting                    Tmut/Pois      0%           65%         1
 Ensorcelled Hibernation  Hex/Ice        0%           78%         2
 Poisonous Vapours        Pois/Air       0%           78%         2
 Confusing Touch          Hex            0%           95%         3
 Dazzling Flash           Conj/Hex       0%           95%         3
 Ignite Poison            Fire/Tmut/Pois 0%           95%         3
 Mephitic Cloud           Conj/Pois/Air  0%           95%         3
 Ozocubu's Armour         Ice            0%           95%         3
 Tukima's Dance           Hex            0%           95%         3
 Olgreb's Toxic Radiance  Pois           0%           100%        4
 Summon Ice Beast         Ice/Summ       0%           100%        4
 Freezing Cloud           Conj/Ice/Air   0%           100%        6
 Ozocubu's Refrigeration  Ice            0%           100%        6


Dungeon Overview and Level Annotations

Branches:
Dungeon (8/15)             Temple (1/1) D:5            Lair (1/6) D:8

Altars:
Ashenzari
Cheibriados
Dithmenos
Elyvilon
Fedhas
Gozag
Hepliaklqana
Kikubaaqudgha
Makhleb
Nemelex Xobeh
Okawaru
Qazlal
Ru
Sif Muna
Trog
Uskayaw
Vehumet
Wu Jian
Xom
Yredelemnul
Zin
The Shining One
Jiyva

Shops:
D:4 (   D:7 }


Innate Abilities, Weirdness & Mutations

You are resistant to torment.
Your stone body is resilient. (AC +7)
You are immune to poison.
You resist negative energy. (rN+)
You are resistant to electric shocks. (rElec)
You can survive without breathing.
You are immune to petrification.
You are immune to miasma.


Message History

You are too injured to fight recklessly!
You are too injured to fight recklessly!
You are too injured to fight recklessly!
You are too injured to fight recklessly!
You are too injured to fight recklessly!
You are too injured to fight recklessly!
Your scale mail prevents you from hitting the komodo dragon.
The komodo dragon is heavily wounded.
The komodo dragon bites you but does no damage.
You hit the komodo dragon.
The komodo dragon is severely wounded.
The komodo dragon bites you!
* * * LOW HITPOINT WARNING * * *
You hit the komodo dragon but do no damage.
The komodo dragon is severely wounded.
The komodo dragon bites you but does no damage.
You puncture the komodo dragon!
The komodo dragon is almost dead.
The komodo dragon bites you!!
You die...

##.# #... #...
#... ♣♣#...
♣♣...##
♣♣♣♣♣♣♣.♣###.
♣♣♣♣♣♣......♣♣#...
♣@..♣.♣♣♣♣♣♣♣ #...
♣....l.♣♣.♣♣ #...
♣♣♣♣♣♣♣♣♣♣♣ ##...
####.... .♣
#####....... .#
####
###..#####.###
##.# ##..# #...##
### # #.. #...#
##...# #.###
#####..# #....#
###


You could see a komodo dragon.

Vanquished Creatures
  A hydra (Lair:1)
  2 cane toads
  A komodo dragon (Lair:1)
  Grinder (D:3)
  Sigmund (D:2)
  5 yaks
  Menkaure (D:6)
  2 water moccasins (Lair:1)
  3 ice beasts
  An orc warrior (D:5)
  A black bear (D:7)
  A necrophage (D:6)
  An eye of draining (D:8)
  7 centaurs
  5 ogres
  2 bullfrogs (D:8)
  3 scorpions
  A water moccasin skeleton (D:6)
  8 wights
  2 howler monkeys (D:7)
  6 jellies
  A quasit (D:7)
  4 orc priests
  8 orc wizards
  Crazy Yiuf (D:2)
  An iguana (D:4)
  3 worker ants
  A hound zombie (D:5)
  2 hound skeletons
  4 gnolls (D:3)
  16 adders
  A white imp (D:8)
  An ooze (D:4)
  An adder skeleton (D:8)
  4 worms
  4 dart slugs
  9 leopard geckos
  31 orcs
  8 ball pythons (D:2)
  5 giant cockroaches
  9 goblins
  7 hobgoblins
  4 jackals
  10 kobolds
  2 quokkas
  6 bats
  5 frilled lizards
  A leopard gecko skeleton (D:6)
  A quokka zombie (D:8)
  11 rats
216 creatures vanquished.

Vanquished Creatures (others)
  2 plants
2 creatures vanquished.

Grand Total: 218 creatures vanquished

Notes
Turn   | Place    | Note
-------+----------+-------------------------------------------
     0 | D:1      | Saba the Gargoyle Hunter began the quest for the Orb.
     0 | D:1      | Reached XP level 1. HP: 12/12 MP: 1/1
   174 | D:1      | Reached XP level 2. HP: 8/18 MP: 2/2
   492 | D:1      | Reached skill level 1 in Armour
   690 | D:1      | Reached XP level 3. HP: 12/22 MP: 3/3
  1227 | D:2      | Noticed Sigmund
  1458 | D:2      | Reached XP level 4. HP: 28/28 MP: 4/4
  1469 | D:2      | Found a snail-covered altar of Cheibriados.
  1841 | D:2      | Found a runed translucent door.
  1842 | D:2      | Noticed Crazy Yiuf
  1971 | D:2      | Killed Sigmund
  1972 | D:2      | Reached XP level 5. HP: 13/33 MP: 5/5
  1972 | D:2      | Reached XP level 6. HP: 15/38 MP: 6/6
  2299 | D:2      | Reached skill level 5 in Crossbows
  2679 | D:2      | Paralysed by Crazy Yiuf for 2 turns
  2681 | D:2      | Killed Crazy Yiuf
  2786 | D:3      | Found a white marble altar of Elyvilon.
  2820 | D:3      | Found a radiant altar of Vehumet.
  2897 | D:3      | Noticed Grinder
  2905 | D:3      | Killed Grinder
  2906 | D:3      | Reached XP level 7. HP: 35/44 MP: 7/7
  3909 | D:4      | Found Siwuza's Antique Weapon Boutique.
  3955 | D:4      | Reached skill level 5 in Fighting
  4290 | D:4      | Found a broken altar of Ashenzari.
  4671 | D:4      | Bought a polished trident for 212 gold pieces
  4671 | D:4      | Identified the +6 trident of Xoekawun {vorpal, +Inv rN+}
                  | (You bought it in a shop on level 4 of the Dungeon)
  4688 | D:5      | Entered Level 5 of the Dungeon
  4744 | D:5      | Reached XP level 8. HP: 36/49 MP: 8/8
  4851 | D:5      | Found a staircase to the Ecumenical Temple.
  4895 | D:5      | Found a hide-covered altar of Uskayaw.
  4896 | D:5      | Found a burning altar of Makhleb.
  4896 | D:5      | Found an ornate altar of the Wu Jian Council.
  4902 | D:5      | Reached skill level 1 in Polearms
  4903 | D:5      | Found an ancient bone altar of Kikubaaqudgha.
  4903 | D:5      | Found a glowing silver altar of Zin.
  5231 | D:5      | Reached skill level 5 in Armour
  5539 | D:5      | Found a shimmering blue altar of Sif Muna.
  6041 | Temple   | Entered the Ecumenical Temple
  6106 | Temple   | Became a worshipper of Warmaster Okawaru
  6342 | D:4      | Found a basalt altar of Yredelemnul.
  6485 | D:6      | Reached XP level 9. HP: 36/55 MP: 9/9
  6564 | D:6      | Noticed Menkaure
  6568 | D:6      | Killed Menkaure
  6802 | D:6      | Reached * piety under Okawaru
  6897 | D:6      | Found a glowing golden altar of the Shining One.
  7093 | D:6      | Reached skill level 5 in Dodging
  7406 | D:7      | Reached ** piety under Okawaru
  7487 | D:7      | Identified the Volume of the Snowflakes
  8028 | D:7      | Found Emopt's Gadget Emporium.
  8131 | D:7      | Reached XP level 10. HP: 63/63 MP: 10/10
  8463 | D:8      | Found a viscous altar of Jiyva.
  8699 | D:8      | Found a staircase to the Lair.
  8758 | D:8      | Reached *** piety under Okawaru
  8770 | D:8      | Found a shadowy altar of Dithmenos.
  9229 | Lair:1   | Entered Level 1 of the Lair of Beasts
  9229 | Lair:1   | Noticed a cane toad
  9248 | D:8      | Killed a cane toad
  9759 | Lair:1   | Reached skill level 5 in Polearms
 10040 | Lair:1   | Noticed a five-headed hydra
 10056 | Lair:1   | Killed a five-headed hydra
 10056 | Lair:1   | Reached **** piety under Okawaru
 10056 | Lair:1   | Received a gift from Okawaru
 10487 | Lair:1   | Noticed a cane toad
 10491 | Lair:1   | Killed a cane toad
 10775 | Lair:1   | Slain by a komodo dragon

Illustrated notes

Levels and vault maps discovered:
D:1:      giann_bridges, layout_rooms, corexii_hall_statues_i
D:2:      layout_basic, overflow_temple_1_default, minmay_snake_closets,
          uniq_sigmund, uniq_crazy_yiuf_cottage
D:3:      layout_loops_ring, nicolae_overflow_crystal_walls, vehumet_crystals,
          uniq_grinder
D:4:      layout_loops_ring, ashenzari_conservatory_becter,
          nicolae_overflow_hidden_temple, serial_shops, shop, st_stairs_4
D:5:      layout_basic, grunt_temple_overflow_open,
          minmay_temple_entry_overgrown, led_sif_book
D:6:      nicolae_whirlpool, layout_rooms, tso_metal_star, uniq_menkaure
D:7:      layout_loops_ring, serial_shops, shop, hex_tiny
D:8:      layout_loops_ring, grunt_dithmenos_smoke, lair_entry_dummy,
          jiyva_altar_1
Temple:   eino_wide_crystal_templ
Lair:1:   kb_forest_paths, layout_long_grid, grunt_forest_small_clearings,
          minivault_27

Skill      XL: |  1  2  3  4  5  6  7  8  9 10 |
---------------+-------------------------------+-----
Armour         | 1 3 4 5 6 8 |  8.1
Dodging        | 2 3 4 5 6 |  6.4
Fighting       | 3 4 5 6 7 8 |  8.6
Crossbows      | 5 6 7 8 |  8.5
Polearms       | 2 4 5 |  5.5
Stealth        | |  1.1

Action                   |  1- 3 |  4- 6 |  7- 9 | 10-12 || total
-------------------------+-------+-------+-------+-------++-------
Melee: Short sword       |   180 |    81 |       |       ||   261
       Scythe            |       |    57 |       |       ||    57
       Quarterstaff      |       |    17 |   112 |       ||   129
       Trident           |       |       |   226 |   149 ||   375
 Fire: Hand crossbow     |       |    17 |       |       ||    17
  Use: Scroll            |     2 |       |       |     1 ||     3
       Potion            |       |     1 |       |       ||     1
 Stab: Paralysed         |       |       |     8 |       ||     8
Armor: Leather armour    |    68 |       |       |       ||    68
       Scale mail        |    52 |   105 |   167 |    85 ||   409
Dodge: Dodged            |   139 |   119 |   196 |    78 ||   532
